 Dungeon Crawl Stone Soup version 0.30-a0-528-g8c47a4955b (webtiles) character file.

Game seed: 16576234804231102040

58 kae the Firebug (level 4, 0/23 (24) HPs)
             Began as a Tengu Fire Elementalist on Dec 23, 2022.
             Slain by a wight
             ... wielding a +0 long sword of protection
              (3 damage)
             ... on level 3 of the Dungeon.
             The game lasted 00:01:37 (2194 turns).

kae the Firebug (Tengu Fire Elementalist)           Turns: 2194, Time: 00:01:37

HP:   0/23 (24)     AC:  2    Str:  8    XL:     4   Next: 1%
MP:   1/8           EV: 12    Int: 18    God:
Gold: 155           SH:  5    Dex: 14    Spells: 1/7 levels left

rFire   + . .      SeeInvis .    q - +1 rapier (freeze)
rCold   . . .      Faith    .    (no shield)
rNeg    + . .      Spirit   .    a - +0 robe
rPois   .          Reflect  +    (helmet restricted)
rElec   .          Harm     .    (no cloak)
rCorr   .          Rampage  .    (no gloves)
Will    .....                    (boots unavailable)
Stlth   ++                       m - amulet of reflection
HPRegen 0.23/turn                F - ring of protection from fire
MPRegen 0.11/turn                N - ring of positive energy

@: lightly drained
A: beak, talons 3
a: no special abilities


You were on level 3 of the Dungeon.
You visited 1 branch of the dungeon, and saw 3 of its levels.

You collected 155 gold pieces.


Innate Abilities, Weirdness & Mutations

You have a beak for a mouth.
You have claws for feet.


   Skills:
 - Level 2.1 Dodging
 - Level 2.0 Stealth
 + Level 2.4 Spellcasting
 * Level 3.2 Conjurations
 * Level 4.1 Fire Magic


You had one spell level left.
You knew the following spells:

 Your Spells              Type           Power      Damage    Failure   Level
a - Foxfire               Conj/Fire      60%        2x1d7     3%          1
b - Scorch                Fire           34%        2d7       4%          2
c - Inner Flame           Hex/Fire       9%         N/A       22%         3

Your spell library contained the following spells:

 Spells                   Type           Power      Damage    Failure   Level
 Kindle Blastsparks       Fire/Tloc/Air  14%        2d11      28%         3
 Flame Wave               Conj/Fire      15%        2d7       36%         4

Inventory:

Hand Weapons
 j - a +0 whip
   (You found it on level 1 of the Dungeon)
 q - a +1 rapier of freezing (weapon)
   (You found it on level 2 of the Dungeon)
Missiles
 c - 4 curare-tipped darts {=f}
 f - 6 poisoned darts
 k - 19 stones
Armour
 a - a +0 robe (worn)
Magical Staves
 o - a staff of death {!a}
   (You found it on level 2 of the Dungeon)
 s - a staff of cold {!a}
   (You found it on level 3 of the Dungeon)
Jewellery
 m - an amulet of reflection (around neck)
   (You found it on level 3 of the Dungeon)
 C - a ring of protection from cold
   (You found it on level 3 of the Dungeon)
 F - a ring of protection from fire (left hand)
   (You found it on level 1 of the Dungeon)
 N - a ring of positive energy (right hand)
   (You found it on level 2 of the Dungeon)
Scrolls
 g - 3 scrolls of teleportation {@r4}
 r - a scroll of identify {@r1}
 t - a scroll of enchant weapon {unknown}
 u - a scroll of amnesia {unknown}
Potions
 b - a potion of magic
 d - a potion of attraction {!q}
 e - 4 potions of lignification {!q}
 h - a potion of degeneration {!q}
 i - 2 potions of flight
 l - a potion of mutation {!q}
 n - a potion of curing {@q1}
 p - 2 potions of haste {@q3}

Dungeon Overview and Level Annotations

Branches:
Dungeon (3/15) Zot: 15808

Altars:
Sif Muna

Annotations:
D:2 Natasha

....#..........##.[.......##..##
...............##.....####......
................#...#.#....##...
#.................#.#####.#.
#####.......................
###..z.z..#........###...##
#####..........................
#.......#....z..##.#.#.........
#..###..##.....@<..............#
#.#####....###.............
#.###......)........รท......
###.#........................
###...#.....#.##...โ€
...........
##...###.......#............^...
#........####....#.....[........
##......### #.####..............
#.......# #.###............>.#


You could see 3 wights.


Message History

You conjure some foxfire!
The foxfire hits the adder.
The foxfire hits the adder. x2
You kill the adder!
You see here an adder corpse.
k - 19 stones (gained 6)
A hobgoblin comes into view. ๐Ÿ˜Ž MP[+1]
Your mp is fully restored (7).
Casting: Foxfire (safe; 4% risk of failure)
Confirm with . or Enter, or press ? or * to list all spells.
You conjure some foxfire! ๐Ÿ˜Ž MP[-1]
You lost 1 mp, and now have 6/7 mp.
A hobgoblin is nearby!
A hobgoblin is nearby!
Casting: Foxfire (safe; 4% risk of failure)
Confirm with . or Enter, or press ? or * to list all spells.
You conjure some foxfire!
The foxfire hits the hobgoblin. x2
You kill the hobgoblin!
You have reached level 4!
You feel clever. ๐Ÿ˜Ž HP[+5] MP[-1]
You now have 24 max hp (+5).
Your hp is fully restored (24).
You now have 155 gold pieces (gained 5).
A wight comes into view.
It is wielding a +0 long sword of protection. ๐Ÿ˜Ž MP[+3]
Your mp is fully restored (8).
A wight is nearby!
A wight is nearby!
A wight is nearby!
Casting: Foxfire (safe; 3% risk of failure)
Confirm with . or Enter, or press ? or * to list all spells.
You conjure some foxfire! ๐Ÿ˜Ž MP[-1]
You lost 1 mp, and now have 7/8 mp.
Casting: Foxfire (safe; 3% risk of failure)
Confirm with . or Enter, or press ? or * to list all spells.
You conjure some foxfire!
The foxfire hits the wight but does no damage. x2 ๐Ÿ˜Ž MP[-1]
You lost 1 mp, and now have 6/8 mp.
Casting: Foxfire (safe; 3% risk of failure)
Confirm with . or Enter, or press ? or * to list all spells.
You conjure some foxfire! ๐Ÿ˜Ž MP[-1]
You lost 1 mp, and now have 5/8 mp.
Casting: Foxfire (safe; 3% risk of failure)
Confirm with . or Enter, or press ? or * to list all spells.
Flames lash the wight.
The wight's fire resistance burns away. ๐Ÿ˜Ž MP[-1]
You lost 1 mp, and now have 4/8 mp.
Casting: Scorch (safe; 4% risk of failure)
Confirm with . or Enter, or press ? or * to list all spells.
Flames lash the wight but do no damage.
The wight hits you with a +0 long sword of protection.
The wight is no longer more vulnerable to fire.
A wight comes into view.
It is wielding a +1 spear of freezing. ๐Ÿ˜• HP[-3] MP[-2]
You take 3 damage, and now have 21/24 hp.
You lost 2 mp, and now have 2/8 mp.
Casting: Scorch (safe; 4% risk of failure)
Confirm with . or Enter, or press ? or * to list all spells.
Flames lash the wight.
The wight's fire resistance burns away.
The wight hits you with a +0 long sword of protection!
You partially resist.
You feel drained. The wight hits you but does no damage.
A wight comes into view.
It is wielding a +0 long sword. ๐Ÿ˜ฎ HP[-8] MP[-2]
You now have 23 max hp (-1).
You take 8 damage, and now have 13/23 hp.
MASSIVE DAMAGE!! (PAUSE)
You lost 2 mp, and now have 0/8 mp. ๐Ÿ˜ฎ HP[+1]
The wight attacks as you move away!
The wight hits you with a +0 long sword of protection!
* * * LOW HITPOINT WARNING * * *
The wight is no longer more vulnerable to fire. ๐Ÿ˜จ HP[-7]
You take 7 damage, and now have 7/23 hp.
MASSIVE DAMAGE!! (PAUSE)
Okay, then.
Okay, then.
Okay, then.
You aren't carrying any items that you can evoke.
Unknown command.
Okay, then.
Okay, then.
The wight misses you. ๐Ÿ˜จ MP[+1]
The wight attacks as you move away!
The wight hits you with a +0 long sword of protection.
* * * LOW HITPOINT WARNING * * *
๐Ÿ˜ฑ HP[-5]
You take 5 damage, and now have 2/23 hp.
MASSIVE DAMAGE!! (PAUSE) ๐Ÿ˜ฑ HP[+1]
The wight attacks as you move away!
The wight hits you with a +0 long sword of protection.
You die...

Skill      XL: |  1  2  3 |
---------------+----------+-----
Conjurations   | 2 3 |  3.2
Fire Magic     | 4 |  4.1
Dodging        | |  2.1
Stealth        | |  2.0
Spellcasting   | |  2.4

Action                   |  1- 3 |  4- 6 || total
-------------------------+-------+-------++-------
 Cast: Foxfire           |    51 |     3 ||    54
       Scorch            |     6 |     3 ||     9
  Use: Scroll            |     9 |       ||     9
Armor: Robe              |     2 |     1 ||     3
Dodge: Dodged            |     6 |     1 ||     7

Levels and vault maps discovered:
D:1:      zelgadis_glass_arrival_small, layout_loops_ring
D:2:      layout_basic, kennysheep_generic_room_10, uniq_natasha
D:3:      layout_rooms, marbit_many_paths, minmay_large_rounded_square

Notes
Turn   | Place    | Note
-------+----------+-------------------------------------------
     0 | D:1      | kae the Tengu Fire Elementalist began the quest for the
                  | Orb.
     0 | D:1      | Reached XP level 1. HP: 10/10 MP: 4/4
     0 | D:1      | magus.rc [v1.11.3]
   755 | D:1      | Reached skill level 2 in Conjurations
   755 | D:1      | Reached XP level 2. HP: 15/15 MP: 3/6
   758 | D:1      | Learned a level 2 spell: Scorch
   939 | D:2      | Noticed Natasha
  1645 | D:3      | Reached XP level 3. HP: 19/19 MP: 2/7
  1649 | D:3      | Learned a level 3 spell: Inner Flame
  1678 | D:3      | Found a shimmering blue altar of Sif Muna.
  1765 | D:3      | Reached skill level 3 in Conjurations
  1765 | D:3      | Reached skill level 4 in Fire Magic
  2106 | D:3      | Reached XP level 4. HP: 24/24 MP: 5/8
  2192 | D:3      | HP: 2/23 [wight/+0 long sword of protection (5)]
  2194 | D:3      | Slain by a wight

Vanquished Creatures
  4 adders
  2 endoplasms
  2 giant cockroaches
  2 goblins
  5 hobgoblins
  3 ball pythons
  2 bats (D:1)
  A kobold (D:1)
  2 rats
23 creatures vanquished.

Vanquished Creatures (others)
  91 foxfires
91 creatures vanquished.

Grand Total: 114 creatures vanquished

Table legend:
 A = Non-vault XP
 B = Vault XP
 C = Vault XP percentage of total XP
 D = Non-vault monster count
 E = Vault monster count
 F = Vault count percentage of total count
                 A         B        C        D         E       F
            +---------+---------+-------+---------+---------+-------
      Total |      78 |       5 |   6.0 |      20 |       3 |  13.0
            +---------+---------+-------+---------+---------+-------
        D:1 |      11 |       0 |   0.0 |       8 |       0 |   0.0
        D:2 |      19 |       3 |  13.6 |       5 |       2 |  28.6
        D:3 |      48 |       2 |   4.0 |       7 |       1 |  12.5
            +---------+---------+-------+---------+---------+-------

Illustrated notes

Table legend:
 A = Kills in this place as a percentage of kills in entire the game.
 B = Kills by you in this place as a percentage of kills by you in the entire game.
 C = Kills by friends in this place as a percentage of kills by friends in the entire game.
 D = Other kills in this place as a percentage of other kills in the entire game.
 E = Experience gained in this place as a percentage of experience gained in the entire game.
 F = Experience gained in this place divided by the number of levels of this place that you have seen.
                   A       B       C       D       E      F
               +-------+-------+-------+-------+-------+----------------------
         Total | 100.0 | 100.0 |   N/A |   N/A | 100.0 |  27.7
       Dungeon | 100.0 | 100.0 |   N/A |   N/A | 100.0 |  27.7
               +-------+-------+-------+-------+-------+----------------------

Table legend: (Time is in decaauts)
 A = Elapsed time spent in this place.
 B = Non-inter-level travel time spent in this place.
 C = Inter-level travel time spent in this place.
 D = Time resting spent in this place.
 E = Time spent auto-exploring this place.
 F = Levels seen in this place.
 G = Mean time per level.
                   A        B        C        D        E       F      G
               +--------+--------+--------+--------+--------+-----+--------+
         Total |   2191 |   2134 |     57 |     27 |   1834 |   3 |  730.3 |
       Dungeon |   2191 |   2134 |     57 |     27 |   1834 |   3 |  730.3 |
               +--------+--------+--------+--------+--------+-----+--------+

Top non-repeatable levels by time:
     D:2: 849 daAuts
     D:1: 760 daAuts
     D:3: 581 daAuts
